 Dungeon Crawl Stone Soup version 0.21-a0-504-g2eda330 (webtiles) character file.

826 Laiders the Magician (level 7, -10/37 HPs)
             Began as a Deep Elf Wizard on Nov 26, 2017.
             Was an Initiate of Sif Muna.
             Mangled by a gnoll sergeant zombie
             ... wielding a +2 trident of venom
              (12 damage)
             ... on level 5 of the Dungeon on Nov 27, 2017.
             The game lasted 00:24:31 (6631 turns).

Laiders the Magician (Deep Elf Wizard)              Turns: 6631, Time: 00:24:32

Health: -10/37     AC:  4    Str:  4    XL:     7   Next: 64%
Magic:  13/27      EV: 13    Int: 25    God:    Sif Muna [......]
Gold:   149        SH:  0    Dex: 13    Spells: 7/18 levels left

rFire    + . .     SeeInvis .   A - +0 lajatang
rCold    . . .     Gourm    .   (shield currently unavailable)
rNeg     . . .     Faith    .   a - +0 robe
rPois    .         Spirit   .   b - +0 hat
rElec    .         Reflect  .   (no cloak)
rCorr    .         Harm     .   e - +0 pair of gloves (curse)
MR       .....                  i - +0 pair of boots
Stlth    ++........             (no amulet)
HPRegen  0.12/turn              u - ring of magical power
MPRegen  0.20/turn              y - ring of protection from fire (curse)

@: lethally poisoned (-10 -> -30)
A: no striking features
a: Renounce Religion


You were on level 5 of the Dungeon.
You worshipped Sif Muna.
Sif Muna was noncommittal.
You were not hungry.

You visited 1 branch of the dungeon, and saw 5 of its levels.
You also visited: Ossuary.

You collected 329 gold pieces.
You spent 180 gold pieces at shops.

Inventory:

Hand Weapons
 A - a +0 lajatang (weapon)
Armour
 a - a +0 robe (worn)
 b - a +0 hat (worn)
 e - a cursed +0 pair of gloves (worn)
 i - a +0 pair of boots (worn)
Jewellery
 u - a ring of magical power (left hand)
 v - a +5 ring of strength
 y - a cursed ring of protection from fire (right hand)
Wands
 s - a wand of flame (29)
 w - a wand of paralysis (4)
Scrolls
 g - a scroll of fear
 n - 4 scrolls of remove curse
 o - 3 scrolls of noise {unknown}
 p - a scroll of magic mapping {unknown}
 q - 3 scrolls of immolation
 t - 5 scrolls of teleportation
 B - a scroll of identify
 C - a scroll of fog {unknown}
Potions
 h - a potion of berserk rage
 j - a potion of flight
 k - a potion of heal wounds {unknown}
 m - a potion of agility
 z - a potion of mutation {unknown}
 D - a potion of resistance
Books
 c - a book of Minor Magic

   Spells                             Type                      Level
   a - Magic Dart                     Conjuration                  1
   b - Blink                          Translocation                2
   c - Call Imp                       Summoning                    2
   d - Slow                           Hexes                        2
   e - Conjure Flame                  Conjuration/Fire             3
   f - Mephitic Cloud                 Conjuration/Poison/Air       3
Comestibles
 d - 7 bread rations
 f - 2 meat rations
 r - a fruit
 x - a royal jelly


   Skills:
 + Level 0.7 Fighting
 + Level 0.9 Staves
 - Level 2.4 Dodging
 - Level 2.4 Stealth
 - Level 6.0 Spellcasting
 - Level 3.0 Conjurations
 - Level 3.1 Summonings
 - Level 3.3 Translocations
 - Level 3.6 Fire Magic
 - Level 3.0 Air Magic
 - Level 3.1 Poison Magic
 + Level 1.0 Invocations
 + Level 1.0 Evocations


You had 7 spell levels left.
You knew the following spells:

 Your Spells              Type           Power        Failure   Level  Hunger
a - Magic Dart            Conj           ###.         2%          1    None
b - Mephitic Cloud        Conj/Pois/Air  ###.....     6%          3    None
c - Blink                 Tloc           N/A          2%          2    None
d - Call Imp              Summ           ###.....     3%          2    None
e - Conjure Flame         Conj/Fire      ###.....     6%          3    None


Dungeon Overview and Level Annotations

Branches:
Dungeon (5/15)
 Temple: D:4-7

Altars:
Cheibriados
Fedhas
Makhleb
Sif Muna
Yredelemnul
The Shining One

Shops:
D:5 *

Annotations:
D:5 1 transporter


Message History

Press: ? - help, Shift-Dir - straight line, f/p - gnoll sergeant zombie
Aim: a gnoll sergeant zombie, wielding a trident of venom (heavily damaged)
The magic dart hits the gnoll sergeant zombie.
The gnoll sergeant zombie is heavily damaged.
You feel sick.
The gnoll sergeant zombie hits you from afar with a trident of venom.
* * * LOW HITPOINT WARNING * * *
You are more poisoned.
Your crimson imp hits the ogre zombie.
Casting: Magic Dart
Confirm with . or Enter, or press ? or * to list all spells.
Aiming: Magic Dart
Press: ? - help, Shift-Dir - straight line, f/p - gnoll sergeant zombie
Aim: a gnoll sergeant zombie, wielding a trident of venom (heavily damaged)
The magic dart hits the gnoll sergeant zombie.
The gnoll sergeant zombie is heavily damaged.
* * * LOW HITPOINT WARNING * * *
You feel sick.
The gnoll sergeant zombie hits you from afar with a trident of venom!
You die...

#.###############.....#
#.# #.#.#.# #.# #...#.#
#.# ##### #.###.## #.#
#§§§. ########...# #.#
#§§§§§#§§§§§§###.# #.#
#§§§§§#§§§§§§###[# ...
#%$.§§§.#.#§§#...#
#©$.§§5ZZ.@§§#©..#
#($.§§§.#.#§§#..##
#§§§..#§§§§§§#..#
#§§§.§#§§§§§§#### #..§.
######## ###########
#.# ..........######.#
#########........#
##########


You could see a gnoll sergeant zombie, an ogre zombie and a friendly crimson
imp.

Vanquished Creatures
  A scorpion (D:4)
  A hound (D:4)
  An orc wizard (D:5)
  A worker ant (D:4)
  A hound skeleton (D:4)
  2 howler monkey zombies (D:5)
  5 adders
  A gnoll zombie (D:5)
  3 worms
  A dart slug (D:1)
  2 leopard geckos
  7 orcs
  8 giant cockroaches
  8 goblins
  7 hobgoblins
  9 jackals
  4 quokkas
  A ball python (D:2)
  7 bats
  3 frilled lizards
  A goblin zombie (Ossuary)
  A hobgoblin zombie (Ossuary)
  9 kobolds
  A leopard gecko zombie (D:4)
  7 rats
92 creatures vanquished.

Vanquished Creatures (collateral kills)
  The ghost of Typee the Firebug, a novice OpFE (D:5)
  Grinder (D:3)
  An ogre (D:4)
  A phantom (D:5)
  A centaur (D:4)
  A hound (D:4)
  An iguana (D:5)
  2 adders
  3 gnolls (D:4)
  An orc (D:4)
  A jackal skeleton (D:4)
  A jackal zombie (D:5)
15 creatures vanquished.

Vanquished Creatures (others)
  An orc wizard (D:4)
1 creature vanquished.

Grand Total: 108 creatures vanquished

Notes
Turn   | Place    | Note
-------+----------+-------------------------------------------
     0 | D:1      | Laiders the Deep Elf Wizard began the quest for the Orb.
     0 | D:1      | Reached XP level 1. HP: 10/10 MP: 7/7
   274 | D:1      | Reached XP level 2. HP: 15/15 MP: 6/9
   466 | D:1      | Reached skill level 5 in Spellcasting
   882 | D:2      | Found a faded altar of an unknown god.
   886 | D:2      | Reached XP level 3. HP: 19/19 MP: 11/11
  1951 | D:3      | Reached XP level 4. HP: 21/24 MP: 13/13
  2017 | D:3      | Learned a level 3 spell: Mephitic Cloud
  2020 | D:3      | Learned a level 2 spell: Blink
  2023 | D:3      | Learned a level 2 spell: Call Imp
  2027 | D:3      | Learned a level 3 spell: Conjure Flame
  2352 | D:3      | Reached skill level 6 in Spellcasting
  2563 | D:3      | Reached skill level 1 in Poison Magic
  2741 | D:3      | Reached skill level 1 in Air Magic
  2925 | D:3      | Noticed Grinder
  2951 | D:3      | Paralysed by Grinder for 7 turns
  2956 | D:3      | Killed Grinder
  2956 | D:3      | Reached XP level 5. HP: 4/28 MP: 2/15
  2956 | D:3      | Reached XP level 6. HP: 5/32 MP: 2/17
  3729 | D:4      | Found a blossoming altar of Fedhas.
  3751 | D:4      | Found a basalt altar of Yredelemnul.
  4313 | D:4      | Found a deep blue altar of Sif Muna.
  4325 | D:4      | Found a burning altar of Makhleb.
  4344 | D:4      | Became a worshipper of Sif Muna the Loreminder
  4390 | D:4      | Found a glowing golden altar of the Shining One.
  4690 | D:4      | Reached skill level 1 in Fire Magic
  4704 | D:4      | Reached XP level 7. HP: 14/36 MP: 12/18
  4968 | D:4      | Found a blossoming altar of Fedhas.
  5257 | D:5      | Entered Level 5 of the Dungeon
  5374 | D:5      | Found a snail-covered altar of Cheibriados.
  5421 | D:5      | Noticed Typee's ghost (novice OpFE)
  5462 | D:5      | Killed Typee's ghost
  5563 | D:5      | Found Edick's General Store.
  5568 | D:5      | Bought a potion of agility for 40 gold pieces
  5568 | D:5      | Bought a scroll of remove curse for 30 gold pieces
  5568 | D:5      | Bought a wand of paralysis (4) for 60 gold pieces
  5568 | D:5      | Bought a scroll of identify for 20 gold pieces
  5568 | D:5      | Bought a scroll of teleportation for 30 gold pieces
  5579 | D:5      | Found a sand-covered staircase.
  5664 | Ossuary  | Entered an ossuary
  6194 | D:5      | Reached skill level 1 in Invocations
  6194 | D:5      | Reached skill level 1 in Evocations
  6595 | D:5      | Found a transporter.
  6612 | D:5      | Found a transporter.
  6631 | D:5      | Mangled by a gnoll sergeant zombie

Vault maps used:
D:1:      minmay_arrival_radiant_lines, hangedman_glass_teeth
D:2:      first_bread, chequers_ecumenical_altar_simple_redux
D:3:      nrook_loot_triangle, uniq_grinder
D:4:      nicolae_overflow_quartered_altars, old_standard_altar, minivault_11,
          grunt_ministairs_12, fedhas_bush_and_centaur_altar
D:5:      gammafunk_cloud_chamber, kennysheep_mini, enter_ossuary_3,
          serial_shops, shop
Ossuary:  ossuary_minmay_tomb_2a

Skill      XL: |  1  2  3  4  5  6  7 |
---------------+----------------------+-----
Conjurations   | 2 3 |  3.0
Spellcasting   | 5 6 |  6.0
Poison Magic   | 2 3 |  3.1
Air Magic      | 2 3 |  3.0
Summonings     | 2 3 |  3.1
Translocations | 3 |  3.3
Fire Magic     | 1 3 |  3.6
Invocations    | 1 |  1.0
Evocations     | 1 |  1.0
Fighting       | |  0.7
Staves         | |  0.9
Dodging        | |  2.4
Stealth        | |  2.4

Action                   |  1- 3 |  4- 6 |  7- 9 || total
-------------------------+-------+-------+-------++-------
Melee: Dagger            |    79 |    40 |    14 ||   133
       Lajatang          |       |       |    16 ||    16
 Cast: Magic Dart        |    74 |    65 |    60 ||   199
       Call Imp          |       |    17 |    14 ||    31
       Mephitic Cloud    |       |     7 |       ||     7
       Blink             |       |     7 |     9 ||    16
  Use: Scroll            |       |     4 |     1 ||     5
       Potion            |       |     2 |     1 ||     3
 Stab: Sleeping          |     4 |     2 |       ||     6
       Confused          |       |     1 |       ||     1
  Eat: Chunk             |     3 |     8 |     6 ||    17
Armor: Robe              |    46 |    12 |     7 ||    65
Dodge: Dodged            |    86 |    46 |    40 ||   172

Table legend:
 A = Spawn XP
 B = Non-spawn XP
 C = Spawn XP percentage of total XP
 D = Spawn monster count
 E = Non-spawn monster count
 F = Spawn count percentage of total count
 G = Total turns spent on level
                    A         B        C        D         E        F      G
               +---------+---------+-------+---------+---------+-------+---------
         Total |       0 |    1181 |   0.0 |       0 |     108 |   0.0 |  6631
               +---------+---------+-------+---------+---------+-------+---------
           D:1 |       0 |      31 |   0.0 |       0 |      18 |   0.0 |   840
           D:2 |       0 |      48 |   0.0 |       0 |      25 |   0.0 |  1061
           D:3 |       0 |     309 |   0.0 |       0 |      29 |   0.0 |  1566
           D:4 |       0 |     400 |   0.0 |       0 |      23 |   0.0 |  1790
           D:5 |       0 |     391 |   0.0 |       0 |      11 |   0.0 |  1323
       Ossuary |       0 |       2 |   0.0 |       0 |       2 |   0.0 |    51
               +---------+---------+-------+---------+---------+-------+---------
